 Dungeon Crawl Stone Soup version 0.29-a0-323-g050149af67 (webtiles) character file.

Game seed: 10008224777757561528

45 zishaf the Caller (level 3, 0/16 HPs)
             Began as a Felid Summoner on Apr 11, 2022.
             Slain by an orc wizard
             ... wielding a +0 dagger
              (2 damage)
             ... on level 3 of the Dungeon.
             The game lasted 00:06:58 (3310 turns).

zishaf the Caller (Felid Summoner)                  Turns: 3310, Time: 00:06:59

Health: 0/16       AC:  1    Str:  4    XL:     3   Next: 42%
Magic:  2/7        EV: 18    Int: 18    God:
Gold:   83         SH:  0    Dex: 16    Spells: 3/6 levels left
                                        Lives:  0   Deaths: 1

rFire   . . .      SeeInvis +   (weapon unavailable)
rCold   . . .      Faith    .   (shield unavailable)
rNeg    . . .      Spirit   .   (body armour unavailable)
rPois   .          Reflect  .   (helmet unavailable)
rElec   .          Harm     .   (cloak unavailable)
rCorr   .          Rampage  .   (gloves unavailable)
Will    .....                   (boots unavailable)
Stlth   +.........              (no amulet)
HPRegen 0.05/turn               k - ring of flight
MPRegen 0.10/turn               (no ring)

@: confused, lethally poisoned (0 -> -7), flying, quick
A: very small, claws 1, fangs 3, see invisible, speed 1, shaggy fur 1, stealthy
paws, no weapons or thrown items, no armour, multi-lived
a: no special abilities


You were on level 3 of the Dungeon.
You visited 1 branch of the dungeon, and saw 3 of its levels.

You collected 83 gold pieces.

Inventory:

Jewellery
 i - an amulet of faith
 k - a ring of flight (left paw)
Scrolls
 f - 2 scrolls of vulnerability {unknown}
 g - a scroll of torment {unknown}
 h - a scroll of amnesia {unknown}
 j - a scroll of blinking {unknown}
 l - a scroll of identify {unknown}
 m - a scroll of enchant armour {unknown}
Potions
 a - a potion of magic
 b - 2 potions of ambrosia {unknown}
 c - a potion of might {unknown}
 d - 2 potions of heal wounds {unknown}
 e - a potion of lignification {unknown}


   Skills:
 + Level 2.0 Fighting
 + Level 3.8 Dodging
 - Level 4.0 Stealth
 - Level 2.0 Spellcasting
 + Level 4.5 Summonings


You had 3 spell levels left.
You knew the following spells:

 Your Spells              Type           Power      Damage    Failure   Level
a - Summon Small Mammal   Summ           72%        N/A       2%          1
c - Call Imp              Summ           18%        N/A       4%          2

Your spell library contained the following spells:

 Spells                   Type           Power      Damage    Failure   Level
 Call Canine Familiar     Summ           18%        N/A       9%          3
 Summon Guardian Golem    Hex/Summ       9%         N/A       22%         3
 Summon Lightning Spire   Summ/Air       9%         N/A       56%         4
 Hailstorm                Conj/Ice       1%         3d3       87%         4
 Ice Form                 Ice/Tmut       1%         N/A       87%         4
 Simulacrum               Ice/Necr       0%         N/A       100%        6


Dungeon Overview and Level Annotations

Branches:
Dungeon (3/15)

Altars:


Innate Abilities, Weirdness & Mutations

You have sharp claws.
You have razor-sharp teeth.
You have supernaturally acute eyesight. (SInv)
You cover ground quickly. (Speed+)
You are covered in fur. (AC +1)
Your paws help you pounce on unaware monsters.
You are incapable of wielding weapons or throwing items.
You cannot wear armour.
You gain extra lives every three experience levels.


Message History

Confirm with . or Enter, or press ? or * to list all spells.
A shadowy apparition takes form in the air.
Your crimson imp disappears in a puff of smoke!
What are your orders? t - Meow!
Orders for allies: a - Attack new target. p - Attack previous target. r - Retreat! s - Stop attacking. g - Guard the area. f - Follow me.
Anything else - Cancel.
Gang up on whom?
Press: ? - help, Dir - move target, f/p - orc wizard
Aim: an orc wizard, wielding a +0 dagger and wearing a +0 robe (slightly transparent) Attack!
You barely miss the orc wizard.
The orc wizard hits you with a +0 dagger.
You scratch the orc wizard but do no damage.
The orc wizard barely misses you.
You barely miss the orc wizard. The orc closely misses you.
The orc wizard hits you with a +0 dagger.
You closely miss the orc wizard.
The orc wizard hits you with a +0 dagger.
The orc hits you but does no damage.
You are lethally poisoned!
You barely miss the orc wizard.
* * * LOW HITPOINT WARNING * * *
You feel very sick. The orc closely misses you.
The orc wizard gestures at you while chanting.
You are confused.
Are you sure you want to stumble around while confused and next to your shadow imp?
Okay, then.
Are you sure you want to stumble around while confused and next to your shadow imp? [Y]es or [N]o only, please.
Are you sure you want to stumble around while confused and next to your shadow imp? [Y]es or [N]o only, please.
Are you sure you want to stumble around while confused and next to your shadow imp?
* * * LOW HITPOINT WARNING * * *
You feel sick.
The orc wizard hits you with a +0 dagger.
You die...

.# ##+## #.........# .#
########...## #.........#
##. .
.....##.....######.######
#o. ...##.#.......##
#......# #o#
#.##..........####..<##.#
#o#
#......(......'..........
#.#
#.##.....5.÷..####...##.#
#§# #.##.#.oo....##
##..##.#
#.#####†...##.@...##
#..##.#
#...o...######...##
#.....# ####.#### ##'##
##(#### #.# ######.###
#.# #.# #........# #.#
#.#####..#.#.#.# #.#
#........).....# #.#
#######..#.....# #.#
#........########.#


You could see an orc wizard (invisible), an orc and a friendly shadow imp
(summoned).

Vanquished Creatures
  An adder (D:2)
  2 endoplasms
  A giant cockroach (D:2)
  2 goblins
  2 hobgoblins (D:3)
  A kobold (D:3)
  2 quokkas
  2 ball pythons
  4 bats
  4 frilled lizards
  7 rats
28 creatures vanquished.

Vanquished Creatures (collateral kills)
  A gnoll (D:1)
  3 adders (D:2)
  A worm (D:2)
  2 dart slugs (D:1)
  2 bats (D:1)
  2 endoplasms (D:2)
  A goblin (D:1)
  5 hobgoblins
  A ball python (D:1)
  A kobold (D:1)
  A rat (D:2)
20 creatures vanquished.

Grand Total: 48 creatures vanquished

Notes
Turn   | Place    | Note
-------+----------+-------------------------------------------
     0 | D:1      | zishaf the Felid Summoner began the quest for the Orb.
     0 | D:1      | Reached XP level 1. HP: 7/7 MP: 4/4
   686 | D:1      | Reached XP level 2. HP: 3/12 MP: 1/6
   689 | D:1      | Learned a level 2 spell: Call Imp
   707 | D:1      | Reached skill level 1 in Fighting
  1024 | D:1      | Found a faded altar of an unknown god.
  1253 | D:1      | Reached XP level 3. HP: 13/15 MP: 7/7
  1931 | D:2      | Reached XP level 4. HP: 15/19 MP: 5/8
  3245 | D:3      | Slain by an adder
  3246 | D:3      | Reached XP level 3. HP: 0/16 MP: 7/7
  3310 | D:3      | Slain by an orc wizard

Illustrated notes

Levels and vault maps discovered:
D:1:      ncdulo_halloftheorcs, layout_loops_ring,
          hellmonk_ecumenical_altar_inner_sanctum,
          chequers_serial_rivers_micro_d
D:2:      layout_basic
D:3:      layout_loops_corners, nicolae_wu_jian_glorious_leap,
          mainiacjoe_overflow_six_doors_small, dreamdust_wishing_well,
          kennysheep_nub, minmay_diced_spiral, uniq_sigmund

Skill      XL: |  1  2  3  4 |
---------------+-------------+-----
Stealth        | 3 4 |  4.0
Dodging        | 3 |  3.8
Fighting       | 1 2 |  2.0
Spellcasting   | |  2.0
Summonings     | |  4.5

Action                   |  1- 3 |  4- 6 || total
-------------------------+-------+-------++-------
Melee: Unarmed           |    66 |    57 ||   123
       Bite              |     3 |     4 ||     7
       Punch             |       |     1 ||     1
 Cast: Summon Small Mamm |    17 |       ||    17
       Call Imp          |    13 |     8 ||    21
 Stab: Sleeping          |     6 |     1 ||     7
Armor: Skin              |    11 |     1 ||    12
Dodge: Dodged            |    66 |    55 ||   121

Table legend: (Time is in decaauts)
 A = Elapsed time spent in this place.
 B = Non-inter-level travel time spent in this place.
 C = Inter-level travel time spent in this place.
 D = Time resting spent in this place.
 E = Time spent auto-exploring this place.
 F = Levels seen in this place.
 G = Mean time per level.
                   A        B        C        D        E       F      G
               +--------+--------+--------+--------+--------+-----+--------+
         Total |   2988 |   2970 |     18 |    180 |   2155 |   3 |  996.0 |
       Dungeon |   2988 |   2970 |     18 |    180 |   2155 |   3 |  996.0 |
               +--------+--------+--------+--------+--------+-----+--------+

Top non-repeatable levels by time:
     D:1: 1615 daAuts
     D:2: 1091 daAuts
     D:3: 281 daAuts
